Dungeon Sprint DCSS version 0.24-a0-269-g32ec7ca (webtiles) character file.

Game seed: 3377482403453288134 19000000 JimmahDean the Demonspawn of Death (level 27, -130/242 (249) HPs) Began as a Demonspawn Necromancer on Apr 23, 2019. Was the Champion of Makhleb. Annihilated by The Captor ... wielding a +9 triple sword of slicing (160 damage) ... in the Dungeon (Sprint VIII: "Arena of Blood"). The game lasted 00:03:59 (190 turns). JimmahDean the Demonspawn of Death (DsNe) Turns: 190, Time: 00:04:00 HP: -130/242 (249)AC: 8 Str: 10 XL: 27 MP: 54/54 EV: 37 Int: 18 God: Makhleb [******] Gold: 0 SH: 0 Dex: 24 Spells: 79/80 levels left rFire + . . SeeInvis . b - +∞ Axe of Woe rCold + + . Gourm . (shield currently unavailable) rNeg . . . Faith . a - +0 robe rPois . Spirit . (no helmet) rElec . Reflect . (no cloak) rCorr . Harm . (no gloves) MR ++... NoTele + (boots unavailable) Stlth ++++++++++ (no amulet) HPRegen 12.50/turn j - ring of protection from fire MPRegen 0.34/turn (no ring) @: lethally poisoned (-130 -> -130), slowed, very slow A: talons 3, icy blue scales 3, cold resistance 1, nightstalker 3, passive freeze, powered by death 3, freezing cloud immunity a: Minor Destruction, Lesser Servant of Makhleb, Major Destruction, Greater Servant of Makhleb, Renounce Religion You were in the Dungeon. You worshipped Makhleb. Makhleb was exalted by your worship. You were not hungry. You visited 1 branch

Inventory:

Hand Weapons
 b - the +∞ Axe of Woe (weapon)
   (You found it in the Dungeon)
Armour
 a - a +0 robe (worn)
Jewellery
 j - a ring of protection from fire (left hand)
 k - a +30 ring of slaying
Scrolls
 i - a scroll of blinking
Potions
 d - a potion of curing {@q1}
 e - a potion of heal wounds {@q2}
 g - 2 potions of magic
 h - a potion of berserk rage
Comestibles
 c - a ration {@e1}


   Skills:
 O Level 27 Fighting
 O Level 27 Axes
 O Level 27 Throwing
 O Level 27 Armour
 O Level 27 Dodging
 O Level 27 Stealth
 O Level 27 Unarmed Combat
 O Level 27 Spellcasting
 O Level 27 Necromancy
 O Level 27 Invocations


You had 79 spell levels left.
You knew the following spells:

 Your Spells              Type           Power        Failure   Level  Hunger
a - Pain                  Necr           ####         0%          1    None

Your spell library contained the following spells:

 Spells                   Type           Power        Failure   Level  Hunger
 Animate Skeleton         Necr           N/A          0%          1    None
 Regeneration             Chrm/Necr      ######....   0%          3    None
 Vampiric Draining        Necr           #######...   0%          3    None
 Animate Dead             Necr           N/A          0%          4    None


Dungeon Overview and Level Annotations

Branches:
Dungeon (1/1)

Altars:
Makhleb

Annotations:
D The Captor


Innate Abilities, Weirdness & Mutations

You have claws for feet.
You are completely covered in icy blue scales. (AC +4, rC+)
Your flesh is cold resistant. (rC+)
You are completely attuned to the shadows.
A frigid envelope surrounds you and freezes all who hurt you.
You regenerate a lot of health from kills.
You are immune to freezing clouds.


Message History

The Captor convulses!
The bag of meat convulses!
The eight-headed meat hydra convulses!
You hear a shout! x3; You hear an angry hiss.
You take 199 damage, and have 41/242 hp.
MASSIVE DAMAGE!!
MP restored: 54 The web tears apart.
You feel sick.
You hear a shout! x3
A scourge comes into view.
You hear a shout! x6
A bag of meat comes into view. It is wielding a +9 war axe.
An accursed comes into view.
The eight-headed meat hydra calls on the powers of darkness!
The eight-headed meat hydra convulses!
The Captor convulses!
Your body is wracked with pain!
* * * LOW HITPOINT WARNING * * *
The eight-headed meat hydra convulses!
The Captor hits you with a +9 triple sword of slicing!!!!!
Ouch! That really hurt!
You die...

..... .. #... .# ....%.#..
#... ..#
#.......o.#S.....###... ..##
#....#....☼°§%........###....
#....##..W))☼.#........_.....
#)))..#..)))#%......#.....#
#.)..))###D)@@W.....#_.<._#
#.)).)##.%))#x.....)#.....#
#.)).#)))))))§#zM.).))._.....
#....#)))).)..D)M.....###....
#...))))))).).).)###.......##
#..†......%)..)))..#.......#
#..................#.......#
#.........#.................
#........#.#.#.............


You could see 2 accurseds, 2 eight-headed meat hydras, a scourge, a sculptor of
flesh, 2 dreads, The Captor, a small abomination and a bag of meat.

Vanquished Creatures
  8 hell knights (D)
  5 hell beasts (D)
  10 greater mummies (D)
  10 great orbs of eyes (D)
  3 wraiths (D)
  Harold (D)
  18 vampire knights (D)
  37 ogres (D)
  2 two-headed ogres (D)
  A lich (D)
  7 hydras (D)
  56 orcs (D)
  10 phantoms (D)
  3 skeletal warriors (D)
  6 sea snakes (D)
  5 small abominations (D)
  3 large abominations (D)
  8 crawling corpses (D)
193 creatures vanquished.

Vanquished Creatures (others)
  2 orcs (D)
2 creatures vanquished.

Grand Total: 195 creatures vanquished

Notes
Turn   | Place    | Note
-------+----------+-------------------------------------------
     0 | D        | Found the +∞ Axe of Woe
     0 | D        | JimmahDean the Demonspawn Necromancer began the quest for
                  | the Orb.
     0 | D        | Reached XP level 1. HP: 13/13 MP: 3/3
     4 | D        | Became a worshipper of Makhleb the Destroyer
     4 | D        | Noticed a bag of meat
     5 | D        | Noticed a bag of meat
     7 | D        | Killed a bag of meat
     7 | D        | Gained mutation: You are slightly more attuned to the
                  | shadows. [demonic ancestry]
     7 | D        | Reached XP level 2. HP: 19/19 MP: 3/15
     7 | D        | Reached XP level 3. HP: 24/24 MP: 3/16
     7 | D        | Gained mutation: You are partially covered in icy blue
                  | scales. (AC +2) [demonic ancestry]
     7 | D        | Reached XP level 4. HP: 30/30 MP: 3/18
     7 | D        | Gained mutation: You are mostly covered in icy blue scales.
                  | (AC +3) [demonic ancestry]
     7 | D        | Reached XP level 5. HP: 35/35 MP: 3/19
     7 | D        | Gained mutation: You have sharp toenails. [demonic
                  | ancestry]
     7 | D        | Reached XP level 6. HP: 41/41 MP: 3/21
     7 | D        | Reached XP level 7. HP: 46/46 MP: 3/22
     7 | D        | Gained mutation: You regenerate a little health from kills.
                  | [demonic ancestry]
     7 | D        | Reached XP level 8. HP: 52/52 MP: 3/24
     7 | D        | Gained mutation: You regenerate health from kills. [demonic
                  | ancestry]
     7 | D        | Reached XP level 9. HP: 57/57 MP: 3/25
     7 | D        | Gained mutation: You are completely covered in icy blue
                  | scales. (AC +4, rC+) [demonic ancestry]
     7 | D        | Reached XP level 10. HP: 63/63 MP: 3/26
     7 | D        | Reached XP level 11. HP: 68/68 MP: 3/27
     7 | D        | Noticed a meat berserker
     8 | D        | Killed a bag of meat
     8 | D        | Reached * piety under Makhleb
     8 | D        | Reached skill level 15 in Stealth
     8 | D        | Gained mutation: You have razor-sharp toenails. [demonic
                  | ancestry]
     8 | D        | Reached XP level 12. HP: 74/74 MP: 3/30
     8 | D        | Noticed a meat berserker
     9 | D        | Noticed a bag of meat
     9 | D        | Noticed a meat berserker
    11 | D        | Killed a meat berserker
    11 | D        | Reached XP level 13. HP: 79/79 MP: 4/33
    11 | D        | Reached XP level 14. HP: 85/85 MP: 4/34
    12 | D        | Killed a meat berserker
    12 | D        | Gained mutation: You are significantly more attuned to the
                  | shadows. [demonic ancestry]
    12 | D        | Reached XP level 15. HP: 56/90 MP: 4/37
    13 | D        | Killed a meat berserker
    13 | D        | Reached ** piety under Makhleb
    13 | D        | Noticed a meat berserker
    14 | D        | Noticed a meat berserker
    15 | D        | Noticed a meat berserker
    15 | D        | Noticed a meat berserker
    17 | D        | Noticed a meat berserker
    18 | D        | Noticed a meat berserker
    18 | D        | Killed a meat berserker
    18 | D        | Gained mutation: You have claws for feet. [demonic
                  | ancestry]
    18 | D        | Reached XP level 16. HP: 50/96 MP: 6/40
    18 | D        | Killed a meat berserker
    18 | D        | Reached XP level 17. HP: 52/101 MP: 6/42
    18 | D        | Noticed a destroyer
    19 | D        | Killed a meat berserker
    19 | D        | Reached *** piety under Makhleb
    19 | D        | Reached skill level 27 in Necromancy
    20 | D        | Reached XP level 18. HP: 107/107 MP: 6/46
    20 | D        | Killed a meat berserker
    20 | D        | Reached **** piety under Makhleb
    20 | D        | Killed a meat berserker
    20 | D        | Reached skill level 27 in Stealth
    20 | D        | Reached XP level 19. HP: 112/112 MP: 6/49
    21 | D        | Reached skill level 27 in Axes
    21 | D        | Reached skill level 27 in Dodging
    21 | D        | Reached skill level 27 in Spellcasting
    21 | D        | Killed a meat berserker
    21 | D        | Reached skill level 10 in Fighting
    21 | D        | Reached ***** piety under Makhleb
    22 | D        | Gained mutation: You are completely attuned to the shadows.
                  | [demonic ancestry]
    22 | D        | Reached XP level 20. HP: 157/157 MP: 7/51
    22 | D        | Killed a destroyer
    22 | D        | Reached skill level 15 in Throwing
    22 | D        | Reached skill level 15 in Armour
    22 | D        | Reached skill level 15 in Unarmed Combat
    26 | D        | Noticed a meat berserker
    27 | D        | Noticed a meat berserker
    28 | D        | Noticed The Servant
    28 | D        | Killed a meat berserker
    28 | D        | Reached XP level 21. HP: 184/184 MP: 8/52
    29 | D        | Reached ****** piety under Makhleb
    29 | D        | Reached skill level 27 in Invocations
    30 | D        | Gained mutation: Your flesh is cold resistant. (rC+)
                  | [demonic ancestry]
    30 | D        | Reached XP level 22. HP: 203/203 MP: 9/53
    30 | D        | Noticed a destroyer
    33 | D        | Noticed a large bag of meat
    34 | D        | Killed The Servant
    34 | D        | Reached skill level 27 in Fighting
    34 | D        | Reached skill level 27 in Throwing
    34 | D        | Reached skill level 27 in Armour
    34 | D        | Reached skill level 27 in Unarmed Combat
    34 | D        | Reached XP level 23. HP: 219/219 MP: 10/54
    35 | D        | Killed a destroyer
    36 | D        | Noticed a destroyer
    36 | D        | Noticed a destroyer
    36 | D        | Killed a large bag of meat
    36 | D        | Gained mutation: You are immune to freezing clouds.
                  | [demonic ancestry]
    36 | D        | Reached XP level 24. HP: 192/227 MP: 10/54
    37 | D        | Noticed a destroyer
    38 | D        | Killed a destroyer
    39 | D        | Killed a destroyer
    40 | D        | Killed a destroyer
    40 | D        | Gained mutation: A frigid envelope surrounds you and
                  | freezes all who hurt you. [demonic ancestry]
    40 | D        | Reached XP level 25. HP: 234/234 MP: 11/54
    42 | D        | Noticed a destroyer
    43 | D        | Noticed an accursed
    43 | D        | Noticed a destroyer
    46 | D        | Killed an accursed
    46 | D        | Reached XP level 26. HP: 233/242 MP: 13/54
    47 | D        | Noticed a destroyer
    47 | D        | Noticed a destroyer
    49 | D        | Killed a destroyer
    49 | D        | Gained mutation: You regenerate a lot of health from kills.
                  | [demonic ancestry]
    49 | D        | Reached XP level 27. HP: 249/249 MP: 14/54
    51 | D        | Killed a destroyer
    51 | D        | Killed a destroyer
    52 | D        | Noticed an accursed
    57 | D        | Killed an accursed
    63 | D        | Noticed an accursed
    68 | D        | Killed an accursed
    70 | D        | Noticed a meat beast
    75 | D        | Killed a destroyer
    83 | D        | Noticed a meat beast
    85 | D        | Killed a meat beast
    85 | D        | Noticed a meat beast
    87 | D        | Killed a meat beast
    91 | D        | Noticed an accursed
    93 | D        | Killed an accursed
    94 | D        | Noticed an accursed
    95 | D        | Noticed an accursed
    96 | D        | Killed an accursed
   100 | D        | Killed an accursed
   101 | D        | Noticed a tyrant
   102 | D        | Noticed a destroyer
   104 | D        | Killed a tyrant
   105 | D        | Killed a destroyer
   106 | D        | Noticed a destroyer
   112 | D        | Killed a destroyer
   117 | D        | Noticed a destroyer
   118 | D        | Killed a destroyer
   118 | D        | Noticed a destroyer
   119 | D        | Noticed a fleshlord
   120 | D        | Killed a destroyer
   120 | D        | Killed a fleshlord
   132 | D        | Noticed a fleshlord
   132 | D        | Noticed a fleshlord
   132 | D        | Noticed a fleshlord
   135 | D        | Killed a fleshlord
   136 | D        | Killed a fleshlord
   137 | D        | Killed a fleshlord
   143 | D        | Noticed an accursed
   144 | D        | Killed a meat beast
   145 | D        | Noticed a meat beast
   146 | D        | Killed a meat beast
   148 | D        | Noticed an accursed
   151 | D        | Noticed a fleshlord
   154 | D        | Killed an accursed
   156 | D        | Killed a fleshlord
   160 | D        | Noticed a destroyer
   163 | D        | Noticed a destroyer
   163 | D        | Noticed a destroyer
   163 | D        | Noticed a dread
   166 | D        | Noticed a large bag of meat
   167 | D        | Noticed an accursed
   168 | D        | Killed a dread
   169 | D        | Killed a destroyer
   170 | D        | Killed an accursed
   172 | D        | Killed a destroyer
   172 | D        | Killed a destroyer
   173 | D        | Killed a large bag of meat
   173 | D        | Noticed a meat beast
   173 | D        | Noticed an accursed
   175 | D        | Noticed a fleshlord
   175 | D        | Killed an accursed
   175 | D        | Noticed a fleshlord
   175 | D        | Noticed a fleshlord
   176 | D        | Killed a meat beast
   177 | D        | Noticed a destroyer
   179 | D        | Killed an accursed
   179 | D        | Killed a fleshlord
   180 | D        | Killed a fleshlord
   180 | D        | Noticed a dread
   181 | D        | Noticed a dread
   182 | D        | Killed a destroyer
   183 | D        | Killed a fleshlord
   184 | D        | Killed a dread
   184 | D        | Noticed a destroyer
   186 | D        | Noticed The Captor
   186 | D        | Killed a dread
   187 | D        | Noticed a dread
   188 | D        | Noticed a dread
   188 | D        | Noticed an accursed
   189 | D        | Killed a destroyer
   190 | D        | Noticed an accursed
   190 | D        | Annihilated by The Captor

Levels and vault maps discovered:
D:        meatsprint

Skill      XL: |  1  2  3  4  5  6  7  8  9 10 11 12 13 14 15 16 17 18 19 20 21 22 |
---------------+-------------------------------------------------------------------+-----
Axes           | 12 14 16 18 20 21 23 26 27 | 27.0
Dodging        | 12 14 16 18 20 21 24 26 27 | 27.0
Stealth        | 13 15 17 19 22 23 25 27 | 27.0
Spellcasting   | 12 14 16 18 20 21 24 26 27 | 27.0
Necromancy     | 14 16 19 21 24 25 27 | 27.0
Fighting       | 13 20 24 27 | 27.0
Throwing       | 12 19 22 27 | 27.0
Armour         | 12 19 22 27 | 27.0
Unarmed Combat | 12 19 22 27 | 27.0
Invocations    | 16 25 27 | 27.0

Action                   |  1- 3 |  4- 6 |  7- 9 | 10-12 | 13-15 | 16-18 | 19-21 | 22-24 | 25-27 || total
-------------------------+-------+-------+-------+-------+-------+-------+-------+-------+-------++-------
Melee: Executioner's axe |     1 |       |       |     2 |     3 |     2 |     6 |     7 |    92 ||   113
  Use: Potion            |       |       |       |       |       |       |       |       |     1 ||     1
 Stab: Distracted        |       |       |       |       |       |       |       |       |     1 ||     1
Armor: Robe              |       |       |       |       |       |       |       |       |     4 ||     4
Dodge: Dodged            |       |       |       |       |       |     1 |       |       |    29 ||    30

Table legend:
 A = Non-vault XP
 B = Vault XP
 C = Vault XP percentage of total XP
 D = Non-vault monster count
 E = Vault monster count
 F = Vault count percentage of total count
                 A         B        C        D         E       F
            +---------+---------+-------+---------+---------+-------
      Total | 4882811 | 1316833 |  21.2 |     117 |      64 |  35.4
            +---------+---------+-------+---------+---------+-------
          D | 4882811 | 1316833 |  21.2 |     117 |      64 |  35.4
            +---------+---------+-------+---------+---------+-------
